Map: Rhoskallian LE

Players

Vulcinodin - Winner!

  • Race: Zerg Zerg
  • League: Diamond

Garion - Winner!

  • Race: Protoss Protoss
  • League: Platinum

qqq

  • Race: Zerg Zerg

Massa

  • Race: Terran Terran
  • League: Platinum

VOD

Have the link to the VOD?

Description

Time

  • Played on: April 25, 2021, 3:55 p.m.
  • Length: 12:30
Show
View Real Time Build Order
Export as new Build Order

Vulcinodin Zerg - Winner!

Build Orders: Hatch First, Lurkers 

Get SALT Encoding   

  12  0:00  Drone  
  13  0:13  Overlord  
  13  0:18  Drone  
  14  0:31  Drone x2  
  14  0:34  Drone  
  17  0:56  Hatchery  
  16  0:58  Drone  
  16  1:03  Drone, Extractor  
  17  1:15  Spawning Pool  
  16  1:19  Drone  
  16  1:22  Drone  
  18  1:35  Drone  
  18  1:39  Drone  
  20  2:05  Queen  
  20  2:07  Metabolic Boost  
  22  2:09  Queen  
  24  2:16  Drone x2  
  24  2:17  Overlord  
  26  2:26  Drone x2  
  28  2:39  Zergling x6  
  28  2:40  Baneling Nest  
  30  2:47  Queen  
  32  2:55  Overlord  
  32  2:57  Drone x2  
  34  3:10  Overlord  
  34  3:12  Drone x2  
  36  3:14  Pneumatized Carapace  
  36  3:26  Overlord  
  36  3:28  Drone x4  
  36  3:30  Drone  
  41  3:40  Queen  
  43  4:06  Overlord x2  
  43  4:07  Hatchery  
  43  4:09  Drone x3  
  45  4:12  Roach Warren  
  45  4:14  Drone x2  
  45  4:27  Zergling x4  
  45  4:28  Zergling x6  
  50  4:34  Drone x2  
  50  4:35  Drone x2  
  54  4:48  Zergling x4  
  55  4:58  Overlord  
  56  5:00  Drone  
  56  5:03  Lair  
  56  5:06  Extractor  
  56  5:07  Extractor  
  50  5:15  Zergling x10  
  50  5:16  Spore Crawler  
  54  5:27  Extractor  
  53  5:29  Drone x3  
  53  5:30  Drone x3  
  53  5:33  Queen  
  53  5:35  Drone x4  
  65  5:43  Drone x4  
  69  5:54  Roach  
  69  5:55  Roach x2  
  75  6:04  Overlord x2  
  75  6:07  Drone x5  
  75  6:08  Drone  
  67  6:34  Evolution Chamber  
  67  6:36  Drone x2  
  67  6:37  Drone x2, Evolution Chamber  
  67  6:38  Drone x2, Hatchery  
  70  6:40  Hydralisk Den  
  70  6:42  Drone x5  
  70  6:45  Extractor, Queen x2  
  70  6:46  Extractor  
  76  6:57  Drone x2, Spore Crawler  
  77  7:02  Glial Reconstitution  
  77  7:06  Zerg Missile Weapons Level 1  
  77  7:07  Zerg Ground Armor Level 1  
  77  7:08  Overlord x2  
  77  7:10  Drone x5  
  82  7:17  Hydralisk x5  
  82  7:18  Hydralisk  
  82  7:22  Overseer x2  
  94  7:25  Overlord  
  94  7:27  Drone x2  
  94  7:28  Drone  
  94  7:29  Drone  
  98  7:30  Drone  
  99  7:41  Overlord  
  99  7:44  Drone x8  
  106  8:01  Spore Crawler  
  106  8:02  Hydralisk  
  106  8:03  Hydralisk x6  
  106  8:04  Hydralisk  
  121  8:11  Spore Crawler  
  120  8:23  Hydralisk x3  
  120  8:26  Overlord x3  
  126  8:29  Overlord x2  
  126  8:35  Grooved Spines  
  126  8:37  Overlord x2  
  126  8:38  Overlord  
  126  8:40  Extractor  
  125  8:48  Lurker Den  
  124  8:53  Drone x3  
  124  8:54  Drone x5  
  132  8:56  Extractor  
  131  9:08  Hatchery  
  130  9:11  Zergling x2  
  130  9:12  Zergling x30, Spore Crawler  
  130  9:16  Zerg Missile Weapons Level 2  
  145  9:17  Spore Crawler  
  145  9:18  Zerg Ground Armor Level 2  
  145  9:23  Queen  
  146  9:38  Zergling x26  
  150  9:39  Zergling x2  
  160  9:46  Muscular Augments  
  160  9:53  Lurker  
  160  9:54  Lurker x6  
  163  10:03  Overseer  
  159  10:10  Extractor  
  159  10:12  Extractor  
  155  10:18  Overlord  
  155  10:19  Overlord x4  
  148  10:22  Baneling x3  
  148  10:23  Baneling x2  
  148  10:25  Centrifical Hooks  
  142  10:52  Lurker x2  
  142  10:53  Lurker x6  
  142  10:54  Lurker x2  
  147  11:15  Hydralisk x12  
  147  11:16  Hydralisk x3  
  174  11:23  Hatchery  
  164  11:32  Spore Crawler, Overlord x2  
  159  11:34  Spore Crawler  
  159  11:35  Drone x3, Spore Crawler  
  159  11:36  Drone x3  
  159  11:37  Drone x9  
Show
View Real Time Build Order
Export as new Build Order

Garion Protoss - Winner!

Build Orders: Carriers 

Get SALT Encoding   

  12  0:00  Probe  
  13  0:14  Pylon  
  13  0:19  Probe  
  14  0:32  Gateway  
  15  0:35  Probe  
  15  0:47  Probe  
  16  1:00  Probe, Forge  
  17  1:12  Probe  
  18  1:24  Probe  
  19  1:25  Pylon  
  19  1:29  Assimilator  
  19  1:36  Probe  
  20  1:48  Photon Cannon  
  20  2:00  Probe  
  20  2:16  Assimilator  
  20  2:18  Nexus  
  20  2:20  Cybernetics Core  
  20  2:23  Pylon  
  20  2:25  Pylon  
  20  2:29  Probe  
  20  2:55  Probe  
  20  3:08  Probe  
  21  3:20  Probe  
  21  3:22  Photon Cannon  
  22  3:32  Probe x2  
  24  3:41  Stargate  
  24  3:44  Probe (Chrono Boost)  
  24  3:48  Probe (Chrono Boost)  
  27  3:56  Probe (Chrono Boost)  
  27  3:59  Probe (Chrono Boost)  
  27  4:01  Probe (Chrono Boost)  
  29  4:05  Probe  
  29  4:09  Protoss Air Weapons Level 1 (Chrono Boost)  
  30  4:13  Probe  
  30  4:14  Assimilator  
  32  4:17  Probe, Pylon, Assimilator  
  32  4:18  Void Ray (Chrono Boost)  
  36  4:32  Probe x2  
  36  4:37  Pylon  
  38  4:44  Probe x2  
  40  4:53  Pylon, Void Ray (Chrono Boost)  
  40  4:57  Probe (Chrono Boost)  
  45  5:01  Probe (Chrono Boost)  
  46  5:09  Probe (Chrono Boost)  
  46  5:12  Probe (Chrono Boost)  
  48  5:14  Stargate  
  48  5:15  Probe (Chrono Boost)  
  49  5:23  Void Ray  
  53  5:37  Probe  
  53  5:38  Probe  
  55  5:49  Probe  
  56  5:50  Probe  
  57  6:02  Probe x2  
  57  6:03  Void Ray x2  
  59  6:07  Nexus  
  67  6:36  Pylon  
  67  6:39  Pylon  
  67  6:40  Void Ray x2  
  67  6:43  Assimilator  
  75  6:47  Assimilator  
  75  6:58  Probe  
  75  6:59  Probe  
  77  7:05  Stargate  
  77  7:10  Probe  
  77  7:11  Probe, Stargate  
  77  7:13  Fleet Beacon  
  79  7:23  Probe x2  
  79  7:25  Photon Cannon  
  79  7:27  Pylon, Protoss Air Armor Level 1 (Chrono Boost)  
  79  7:29  Photon Cannon  
  81  7:30  Pylon  
  81  7:32  Photon Cannon  
  81  7:35  Probe x2  
  79  8:17  Carrier  
  79  8:18  Carrier  
  91  8:21  Probe x3  
  94  8:33  Probe x2  
  84  8:57  Carrier x2  
  96  9:13  Probe x3  
  99  9:22  Carrier (Chrono Boost)  
  105  9:25  Probe x2  
  107  9:32  Photon Cannon  
  107  9:33  Photon Cannon  
  107  9:34  Carrier (Chrono Boost)  
  113  9:39  Photon Cannon  
  113  9:40  Photon Cannon  
  113  9:45  Pylon  
  113  9:59  Carrier (Chrono Boost)  
  113  10:05  Carrier (Chrono Boost)  
  125  10:17  Pylon  
  125  10:19  Pylon  
  125  10:24  Protoss Air Weapons Level 2 (Chrono Boost)  
  125  10:44  Carrier x2  
  125  11:00  Carrier  
  125  11:03  Photon Cannon  
  131  11:06  Photon Cannon  
  137  11:18  Carrier  
  137  11:50  Nexus  
  137  11:52  Pylon, Assimilator  
  149  11:57  Assimilator  
  149  11:58  Pylon  
  149  12:02  Pylon  
Show
View Real Time Build Order
Export as new Build Order

qqq Zerg 

Build Orders: 3 Hatch before Pool 

Get SALT Encoding   

  12  0:00  Drone  
  13  0:08  Drone  
  14  0:18  Overlord  
  14  0:47  Hatchery  
  13  0:52  Drone x2  
  13  0:56  Drone  
  16  1:09  Drone  
  17  1:36  Hatchery  
  16  1:41  Spawning Pool  
  16  1:42  Extractor  
  16  1:46  Drone  
  15  1:50  Drone  
  17  2:10  Drone x2  
  17  2:11  Drone  
  20  2:24  Drone  
  21  2:34  Overlord  
  21  2:35  Hatchery  
  22  2:50  Lair  
  20  2:51  Queen  
  20  2:55  Zergling x2  
  20  2:56  Drone  
  24  3:00  Drone x2  
  26  3:11  Drone x2  
  28  3:18  Roach Warren  
  27  3:25  Drone  
  27  3:26  Baneling Nest  
  27  3:29  Drone  
  27  3:32  Drone  
  29  3:35  Drone  
  29  3:41  Extractor, Drone  
  30  3:52  Queen  
  32  3:58  Overlord  
  32  4:00  Drone  
  33  4:06  Queen  
  35  4:11  Glial Reconstitution  
  35  4:15  Drone  
  35  4:18  Drone  
  35  4:19  Baneling  
  35  4:22  Drone  
  37  4:24  Drone  
  37  4:26  Zergling x2  
  39  4:32  Drone x2  
  39  4:37  Drone  
  39  4:38  Zergling x2  
  43  4:40  Roach  
  43  4:43  Roach  
  47  4:47  Roach  
  47  4:52  Overlord  
  49  4:55  Metabolic Boost  
  49  5:01  Overlord  
  49  5:04  Baneling x3  
  49  5:05  Baneling x2  
  49  5:07  Zergling x2  
  49  5:11  Roach  
  49  5:12  Roach  
  54  5:15  Roach  
  54  5:19  Roach  
  54  5:21  Roach  
  60  5:24  Roach  
  60  5:27  Roach  
  64  5:31  Drone x2  
  66  5:42  Overlord x3  
  66  5:47  Extractor  
  65  6:15  Spire  
  40  6:35  Roach x2  
  40  6:36  Roach x2  
  40  6:37  Drone x6  
  40  6:38  Drone x5  
  59  6:45  Queen  
  61  6:49  Drone, Extractor  
  61  6:51  Hatchery  
  61  6:53  Overlord  
  60  7:18  Roach x2  
  60  7:19  Overlord, Roach x3  
  60  7:21  Roach x2  
  74  7:27  Mutalisk  
  74  7:28  Mutalisk  
  78  7:30  Mutalisk, Zerg Flyer Weapons Level 1  
  78  7:34  Overlord  
  78  7:35  Drone  
  81  7:40  Mutalisk  
  81  7:43  Corruptor  
  70  7:58  Mutalisk  
  72  8:14  Mutalisk  
  72  8:17  Spore Crawler  
  72  8:18  Drone  
  72  8:19  Drone x6  
  80  8:20  Drone  
  80  8:26  Spore Crawler  
  80  8:32  Spore Crawler  
  79  8:39  Mutalisk x2  
  71  8:52  Mutalisk  
  73  9:01  Queen  
  75  9:08  Mutalisk  
  75  9:09  Overlord x4  
  77  9:10  Drone x2  
  79  9:21  Drone x3, Overlord  
  82  9:33  Mutalisk, Spore Crawler x2  
  82  9:35  Mutalisk  
  82  9:38  Zergling x2  
  85  9:40  Zergling x2  
  85  9:42  Drone  
  85  9:44  Drone  
  88  9:58  Mutalisk x3  
  94  10:19  Mutalisk x2  
  94  10:20  Zergling x4  
  94  10:21  Drone x3, Zergling x6  
  103  10:22  Zergling x4  
  108  10:39  Corruptor x2  
  112  11:03  Infestation Pit  
  111  11:04  Drone x4  
  111  11:05  Drone x3  
  111  11:07  Extractor x2  
  93  11:25  Corruptor x3  
  91  11:34  Drone  
  91  11:35  Drone x8  
  91  11:36  Drone x3  
  103  11:51  Queen  
  105  11:58  Overseer  
  105  11:59  Overseer  
Show
View Real Time Build Order
Export as new Build Order

Massa Terran 

Build Orders:  

Get SALT Encoding   

  12  0:00  SCV  
  13  0:12  SCV  
  14  0:22  Supply Depot  
  14  0:25  SCV  
  15  0:44  SCV  
  15  0:45  Barracks  
  16  0:50  Refinery  
  16  0:52  Refinery  
  16  0:56  SCV  
  17  1:08  SCV  
  18  1:20  SCV  
  19  1:33  Reaper  
  19  1:36  Supply Depot  
  19  1:38  Orbital Command  
  20  2:05  Factory  
  20  2:06  SCV  
  21  2:23  Barracks Reactor, SCV  
  22  2:36  Command Center  
  22  2:57  SCV  
  23  3:09  SCV  
  24  3:14  Reaper x2  
  24  3:17  Factory Tech Lab  
  26  3:20  Starport  
  26  3:24  SCV  
  27  3:36  SCV  
  27  3:41  Engineering Bay  
  28  3:44  Widow Mine  
  28  3:46  Reaper  
  28  3:48  SCV, Marine  
  33  3:59  Supply Depot x2  
  33  4:00  SCV, Supply Depot  
  34  4:03  Orbital Command  
  34  4:05  Widow Mine  
  36  4:17  SCV  
  37  4:29  SCV  
  37  4:30  SCV  
  39  4:32  Medivac  
  39  4:33  Widow Mine  
  43  4:41  SCV  
  43  4:42  SCV  
  45  4:53  SCV  
  43  5:03  Widow Mine  
  43  5:06  Marine  
  45  5:07  Marine  
  45  5:09  Liberator  
  47  5:17  SCV x2, Barracks x2  
  47  5:20  Barracks  
  49  5:22  Missile Turret  
  49  5:24  Marine, Siege Tank  
  49  5:25  Marine  
  49  5:26  Terran Infantry Weapons Level 1, Missile Turret  
  54  5:29  SCV x2  
  54  5:32  Armory  
  56  5:41  SCV  
  56  5:42  Marine  
  58  5:43  Marine  
  59  5:53  SCV x2  
  59  5:57  Cyclone  
  58  6:00  Marine x2  
  60  6:05  SCV x2  
  62  6:13  Starport Reactor  
  62  6:14  Barracks Tech Lab  
  62  6:15  Barracks Reactor, Barracks Tech Lab  
  62  6:18  Marine x2  
  63  6:24  Missile Turret  
  64  6:26  Refinery x2  
  64  6:29  Command Center  
  64  6:35  Cyclone  
  64  6:37  Drilling Claws  
  67  6:43  SCV x2  
  69  6:52  Stimpack  
  66  6:55  SCV  
  66  6:58  Marine x2  
  66  6:59  Marine  
  70  7:08  Supply Depot  
  70  7:09  Supply Depot  
  70  7:10  Supply Depot  
  70  7:12  Supply Depot  
  70  7:14  Engineering Bay  
  70  7:15  Terran Vehicle And Ship Armor Level 1  
  70  7:19  Combat Shield  
  70  7:20  Terran Infantry Armor Level 1  
  70  7:29  SCV x2, Marine x6  
  78  7:33  Supply Depot  
  78  7:34  Medivac  
  80  7:37  Medivac  
  80  7:41  SCV  
  83  7:47  Marine x3  
  86  7:56  Mag-Field Accelerator, Marine  
  86  7:57  Marine x2  
  89  8:05  Marine x2  
  88  8:14  Marine, Medivac x2  
  88  8:15  Marine x3  
  88  8:18  Cyclone  
  99  8:23  Marine x2  
  99  8:25  SCV x2  
  104  8:31  Concussive Shells  
  104  8:32  Marine  
  104  8:33  Marine, Planetary Fortress  
  105  8:37  SCV x2  
  107  8:49  SCV x2  
  107  8:50  Cyclone  
  104  9:01  SCV  
  105  9:11  Marine x6  
  105  9:16  SCV  
  114  9:17  SCV x2  
  114  9:21  Refinery  
  114  9:22  Refinery, Cyclone  
  117  9:28  SCV  
  117  9:29  SCV x2, Marine x5  
  125  9:39  Supply Depot  
  125  9:41  Supply Depot  
  125  9:42  Supply Depot  
  125  9:43  Command Center, Supply Depot  
  125  9:44  Supply Depot  
  125  10:01  SCV x3, Marine, Cyclone  
  132  10:13  SCV  
  133  10:26  Ghost Academy  
  132  10:53  Marauder  
  132  10:54  Marauder  
  132  10:55  Siege Tank  
  136  11:00  Liberator x2  
  142  11:15  Marauder x2  
  146  11:23  Missile Turret  
  146  11:24  Missile Turret  
  146  11:27  Siege Tank  
  146  11:28  Missile Turret  
  146  11:30  Missile Turret  
  149  11:36  Marauder x2  
  149  11:39  Command Center  
  153  11:57  Ghost x2  
Tags
 
Add a new tag
Caveats
  • Supply blocks, unpowered buildings, or Contaminate may cause inaccurate times.
  • Supply counts are checked every 10 seconds.